Blackdemons vs Senators
(R1)
Created - 7 février 2014 at 19:04
Goals
|
| Blackdemons |
1 |
1 |
1 |
3 |
| Senators |
5 |
0 |
2 |
7 |
|
Shots
|
| Blackdemons |
18 |
17 |
7 |
42 |
| Senators |
18 |
7 |
12 |
37 |
|
1st period
1. Senators , Josh Hennessy 24 (Dylan Hunter) at 1:50
2. Senators , Stanislav Chistov 24 (Ryan Parent, Paul Ranger) at 13:42
3. Senators , Josh Hennessy 25 (Stanislav Chistov, Nikolai Kulemin) at 14:43
4. Blackdemons , Tomas Kopecky 40 (Antoine Roussel, Sam Gagner) at 14:53 (PP)
5. Senators , Niklas Hagman 20 (Gilbert Brule) at 15:48 (PP)
6. Senators , Cody Hodgson 5 (Paul Ranger, Jack Skille) at 19:00
Penalties :
Ryan Parent (BIN) for Roughing (Minor) at 4:13, Shawn Matthias (MJM) for Hooking (Minor) at 9:43, B.J. Crombeen (BIN) for Slashing (Minor) at 14:48, Matt Calvert (MJM) for Tripping (Minor) at 15:42, Ryan Parent (BIN) for Cross-checking (Minor) at 16:35
2nd period
7. Blackdemons , Enver Lisin 36 (Sam Gagner, Curtis Glencross) at 5:03
Penalties :
Ryan Parent (BIN) for Fighting (Major) at 0:50, Steve Oleksy (MJM) for Fighting (Major) at 0:50, Milan Jurcina (BIN) for Hooking (Minor) at 5:39, Gilbert Brule (BIN) for Interference (Minor) at 11:43, Antoine Roussel (MJM) for High sticking (Minor) at 14:23, Nate Prosser (MJM) for Hooking (Minor) at 14:42
3rd period
8. Senators , Stanislav Chistov 25 (Nikolai Kulemin) at 10:31 (PP)
9. Senators , Brett Sterling 15 (Paul Ranger) at 17:31
10. Blackdemons , Enver Lisin 37 (Sam Gagner) at 18:18
Penalties :
Paul Ranger (BIN) for Tripping (Minor) at 2:22, Andrew MacDonald (MJM) for Holding (Minor) at 5:07, Sam Gagner (MJM) for Tripping (Minor) at 9:53, B.J. Crombeen (BIN) for Fighting (Major) at 12:08, Enver Lisin (MJM) for Fighting (Major) at 12:08
Goalie Stats
Kevin Weekes (MJM), 18 saves from 21 shots - (0,857), 44:12 minutes
Marc Denis (MJM), 12 saves from 16 shots - (0,750), L, 16-10-1, 15:48 minutes
Jeff Deslauriers (BIN), 39 saves from 42 shots - (0,929), W, 23-8-5, 60:00 minutes
Players Stats for Blackdemons
Player Name G A P +/- PIM S H SB GA TA FO MP PP MP PK MP
------------------------------------------------------------------------------------
Andrew MacDonald 0 0 0 0 2 2 1 1 0 1 0/0 18:58 3:40 0:59
Antoine Roussel 0 1 1 -3 2 2 5 0 0 2 1/2 20:18 5:28 1:29
Curtis Glencross 0 1 1 1 0 9 1 0 0 2 1/4 23:49 4:15 3:46
Denis Hamel 0 0 0 0 0 1 2 0 0 0 0/0 13:05 4:15 0:52
Enver Lisin 2 0 2 2 5 7 0 0 1 1 1/2 18:20 4:15 1:10
Jakub Kindl 0 0 0 0 0 1 0 2 1 1 0/0 21:34 3:40 3:01
Marc-André Cliche 0 0 0 -1 0 1 0 0 0 0 4/5 9:51 0:20 0:00
Matt Calvert 0 0 0 0 2 1 0 0 0 0 0/0 7:46 0:00 0:00
Matt Hunwick 0 0 0 -2 0 2 0 1 0 0 0/0 11:24 0:00 3:01
Michael Haley 0 0 0 -1 0 0 3 0 0 0 0/0 7:06 0:17 0:00
Michael Kostka 0 0 0 -1 0 4 1 3 1 0 0/0 30:57 6:20 3:46
Mike Duco 0 0 0 -1 0 1 0 0 0 0 0/1 7:03 0:14 0:00
Nate Prosser 0 0 0 -1 2 0 1 2 1 3 0/0 30:43 6:20 3:12
Sam Gagner 0 3 3 1 2 2 2 0 0 0 19/38 20:59 5:28 0:31
Shawn Matthias 0 0 0 -3 2 2 1 1 0 0 9/23 13:12 0:00 0:21
Steve Oleksy 0 0 0 -2 5 0 0 0 0 0 0/0 6:41 0:00 0:00
Steven Zalewski 0 0 0 -1 0 2 0 0 0 0 2/4 6:45 0:00 0:00
Tomas Kopecky 1 0 1 -3 0 5 2 1 2 2 5/11 22:41 5:28 4:11
Players Stats for Senators
Player Name G A P +/- PIM S H SB GA TA FO MP PP MP PK MP
------------------------------------------------------------------------------------
B.J. Crombeen 0 0 0 -2 7 3 1 0 2 1 13/16 23:19 4:00 6:08
Brett Sterling 1 0 1 2 0 1 3 0 1 0 0/1 13:29 0:17 2:30
Chris Mueller 0 0 0 0 0 0 0 0 0 0 0/0 5:27 0:00 0:00
Cody Hodgson 1 0 1 2 0 3 2 0 0 0 6/9 9:33 0:00 0:00
Dylan Hunter 0 1 1 0 0 0 1 0 0 0 0/0 6:30 0:00 1:02
Erik Karlsson 0 0 0 3 0 0 1 0 0 0 0/0 14:18 0:00 4:19
Gilbert Brule 0 1 1 -2 2 5 4 0 2 0 16/37 23:40 4:00 4:49
Jack Skille 0 1 1 2 0 3 1 0 1 0 0/1 11:43 0:17 0:00
Josh Hennessy 2 0 2 3 0 4 2 0 0 0 11/23 15:34 2:43 0:21
Karl Alzner 0 0 0 2 0 0 1 0 0 2 0/0 12:22 0:00 1:06
Milan Jurcina 0 0 0 -1 2 2 1 0 0 0 0/0 19:30 2:52 2:24
Niklas Hagman 1 0 1 -2 0 3 3 0 2 0 1/1 20:44 4:00 2:35
Nikolai Kulemin 0 2 2 3 0 2 1 0 1 1 1/1 18:00 2:43 2:35
Paul Ranger 0 3 3 2 2 2 3 2 0 1 0/0 28:59 4:08 5:11
Ryan Parent 0 1 1 1 9 2 4 1 0 0 0/0 24:40 4:08 3:30
Stanislav Chistov 2 1 3 3 0 5 1 0 2 0 0/1 15:13 2:43 0:00
Steven Goertzen 0 0 0 0 0 1 0 0 0 0 0/0 6:09 0:17 0:00
Vladimir Mihalik 0 0 0 -1 0 1 0 1 1 1 0/0 20:49 2:52 3:37
3 Stars
1 - Stanislav Chistov (BIN)
2 - Josh Hennessy (BIN)
3 - Paul Ranger (BIN)
Power Play
Blackdemons - 1 on 6 Attempt(s) - 16,67%
Senators - 2 on 6 Attempt(s) - 33,33%
Penalty Kill
Blackdemons - 4 on 6 Attempt(s) - 66,67%
- Score 0 goal in Penalty Kill
Senators - 5 on 6 Attempt(s) - 83,33%
- Score 0 goal in Penalty Kill
Official
Referees : O'Rourke Dan and Charron Francis
Linesman : Brad Kovachik and Tim Nowak
Game Notes
Kevin Weekes enters game at 15:48 of 1st period
Ryan Parent and Steve Oleksy fight to a draw at 0:50 of 2nd period
B.J. Crombeen and Enver Lisin fight to a draw at 12:08 of 3rd period
Finance
Level 1 -- Attendance: 1462 (73,10%) -- Ticket Income 51 170 $
Level 2 -- Attendance: 813 (81,30%) -- Ticket Income 12 195 $
Total Attendance: 2275 (75,83%)
Total Ticket Income: 63 365 $
Other Income: 3 168 $
Total Income: 66 533 $
Blackdemons
5 vs 5 Forward
Center Left Wing Right Wing Time % Phy DF OF
1 Sam Gagner Curtis Glencross Enver Lisin 40 1 2 2
2 Shawn Matthias Antoine Roussel Tomas Kopecky 35 2 1 2
3 Marc-André Cliche Matt Calvert Denis Hamel 15 0 3 2
4 Steven Zalewski Michael Haley Mike Duco 10 1 4 0
5 vs 5 Defense
Defense Defense Time % Phy DF OF
1 Michael Kostka Nate Prosser 40 1 3 1
2 Andrew MacDonald Jakub Kindl 30 1 3 1
3 Matt Hunwick Steve Oleksy 20 1 3 1
4 Michael Kostka Nate Prosser 10 1 1 3
PowerPlay Forward
Center Left Wing Right Wing Time % Phy DF OF
1 Sam Gagner Antoine Roussel Tomas Kopecky 60 1 0 4
2 Curtis Glencross Denis Hamel Enver Lisin 40 1 0 4
PowerPlay Defense
Defense Defense Time % Phy DF OF
1 Michael Kostka Nate Prosser 60 1 1 3
2 Andrew MacDonald Jakub Kindl 40 1 2 2
Penalty Kill 4 Players Forward
Center Wing Time % Phy DF OF
1 Tomas Kopecky Curtis Glencross 60 1 3 1
2 Enver Lisin Antoine Roussel 40 1 3 1
Penalty Kill 4 Players Defense
Defense Defense Time % Phy DF OF
1 Michael Kostka Nate Prosser 60 1 3 1
2 Matt Hunwick Jakub Kindl 40 1 4 0
Penalty Kill - 3 Players Forward
Forward Time % Phy DF OF
1 Tomas Kopecky 60 1 4 0
2 Curtis Glencross 40 0 5 0
Penalty Kill - 3 Players Defense
Defense Defense Time % Phy DF OF
1 Michael Kostka Nate Prosser 60 1 4 0
2 Matt Hunwick Jakub Kindl 40 1 4 0
4 vs 4 Forward
Center Wing Time % Phy DF OF
1 Shawn Matthias Antoine Roussel 60 1 2 2
2 Sam Gagner Tomas Kopecky 40 1 2 2
4 vs 4 Defense
Defense Defense Time % Phy DF OF
1 Matt Hunwick Jakub Kindl 60 1 3 1
2 Michael Kostka Nate Prosser 40 1 3 1
Last Minutes Offensive
Center Left Wing Right Wing Defense Defense
Sam Gagner Antoine Roussel Enver Lisin Michael Kostka Nate Prosser
Last Minutes Defensive
Center Left Wing Right Wing Defense Defense
Tomas Kopecky Antoine Roussel Enver Lisin Michael Kostka Nate Prosser
Goaltenders
Starting : Marc Denis
Backup : Kevin Weekes
Extra Forwards
Normal : Marc-André Cliche, Matt Calvert, Shawn Matthias - PP : Denis Hamel, Marc-André Cliche - PK : Shawn Matthias
Extra Defensemen
Normal : Matt Hunwick, Andrew MacDonald, Steve Oleksy - PP : Matt Hunwick - PK : Andrew MacDonald, Steve Oleksy
Penalty Shots
Antoine Roussel, Enver Lisin, Tomas Kopecky, Curtis Glencross, Denis Hamel
Senators
5 vs 5 Forward
Center Left Wing Right Wing Time % Phy DF OF
1 Gilbert Brule Niklas Hagman B.J. Crombeen 40 1 2 2
2 Josh Hennessy Nikolai Kulemin Stanislav Chistov 30 1 2 2
3 Cody Hodgson Brett Sterling Jack Skille 20 1 2 2
4 Chris Mueller Dylan Hunter Steven Goertzen 10 1 2 2
5 vs 5 Defense
Defense Defense Time % Phy DF OF
1 Paul Ranger Ryan Parent 40 1 2 2
2 Vladimir Mihalik Milan Jurcina 30 1 2 2
3 Karl Alzner Erik Karlsson 20 1 2 2
4 Paul Ranger Ryan Parent 10 1 2 2
PowerPlay Forward
Center Left Wing Right Wing Time % Phy DF OF
1 Gilbert Brule Niklas Hagman B.J. Crombeen 60 1 2 2
2 Josh Hennessy Nikolai Kulemin Stanislav Chistov 40 1 2 2
PowerPlay Defense
Defense Defense Time % Phy DF OF
1 Paul Ranger Ryan Parent 60 1 2 2
2 Vladimir Mihalik Milan Jurcina 40 1 2 2
Penalty Kill 4 Players Forward
Center Wing Time % Phy DF OF
1 B.J. Crombeen Gilbert Brule 60 1 2 2
2 Niklas Hagman Nikolai Kulemin 40 1 2 2
Penalty Kill 4 Players Defense
Defense Defense Time % Phy DF OF
1 Paul Ranger Ryan Parent 60 1 2 2
2 Vladimir Mihalik Milan Jurcina 40 1 2 2
Penalty Kill - 3 Players Forward
Forward Time % Phy DF OF
1 B.J. Crombeen 60 1 2 2
2 Gilbert Brule 40 1 2 2
Penalty Kill - 3 Players Defense
Defense Defense Time % Phy DF OF
1 Paul Ranger Ryan Parent 60 1 2 2
2 Vladimir Mihalik Milan Jurcina 40 1 2 2
4 vs 4 Forward
Center Wing Time % Phy DF OF
1 B.J. Crombeen Gilbert Brule 60 1 2 2
2 Niklas Hagman Nikolai Kulemin 40 1 2 2
4 vs 4 Defense
Defense Defense Time % Phy DF OF
1 Paul Ranger Ryan Parent 60 1 2 2
2 Vladimir Mihalik Milan Jurcina 40 1 2 2
Last Minutes Offensive
Center Left Wing Right Wing Defense Defense
Gilbert Brule Niklas Hagman B.J. Crombeen Paul Ranger Ryan Parent
Last Minutes Defensive
Center Left Wing Right Wing Defense Defense
Gilbert Brule Niklas Hagman B.J. Crombeen Paul Ranger Ryan Parent
Goaltenders
Starting : Jeff Deslauriers
Backup : Jacob Markstrom
Extra Forwards
Normal : Jack Skille, Steven Goertzen, Brett Sterling - PP : Jack Skille, Steven Goertzen - PK : Brett Sterling
Extra Defensemen
Normal : Karl Alzner, Erik Karlsson, Vladimir Mihalik - PP : Karl Alzner - PK : Erik Karlsson, Vladimir Mihalik
Penalty Shots
B.J. Crombeen, Gilbert Brule, Niklas Hagman, Nikolai Kulemin, Stanislav Chistov
% Time on Ice - Blackdemons
Lines # - Real PCT - Wanted PCT - Time Play
Normal Forward
1 - 35% - 40% - 15:05
2 - 32% - 35% - 13:49
3 - 17% - 15% - 7:21
4 - 16% - 10% - 6:45
Normal Defense
1 - 45% - 40% - 19:13
2 - 33% - 30% - 14:13
3 - 18% - 20% - 7:56
4 - 4% - 10% - 1:38
PP Forward
1 - 58% - 60% - 5:45
2 - 43% - 40% - 4:15
PP Defense
1 - 63% - 60% - 6:20
2 - 37% - 40% - 3:40
PK Forward
1 - 72% - 60% - 3:51
2 - 28% - 40% - 1:29
PK Defense
1 - 60% - 60% - 3:13
2 - 40% - 40% - 2:07
PK3 Forward
1 - 72% - 60% - 1:12
2 - 28% - 40% - 0:28
PK3 Defense
1 - 46% - 60% - 0:46
2 - 54% - 40% - 0:54
44 Forward
1 - 0% - 60%
2 - 0% - 40%
44 Defense
1 - 0% - 60%
2 - 0% - 40%
Last Minute Offensive - 0:00
Last Minute Defensive - 0:00
Total
Forward - 60:00
Defense - 60:00
|
% Time on Ice - Senators
Lines # - Real PCT - Wanted PCT - Time Play
Normal Forward
1 - 36% - 40% - 15:18
2 - 30% - 30% - 12:42
3 - 22% - 20% - 9:33
4 - 13% - 10% - 5:27
Normal Defense
1 - 43% - 40% - 18:32
2 - 33% - 30% - 14:02
3 - 21% - 20% - 8:59
4 - 3% - 10% - 1:27
PP Forward
1 - 61% - 60% - 4:17
2 - 39% - 40% - 2:43
PP Defense
1 - 59% - 60% - 4:08
2 - 41% - 40% - 2:52
PK Forward
1 - 74% - 60% - 7:25
2 - 26% - 40% - 2:35
PK Defense
1 - 67% - 60% - 6:41
2 - 33% - 40% - 3:19
PK3 Forward
1 - 0% - 60%
2 - 0% - 40%
PK3 Defense
1 - 0% - 60%
2 - 0% - 40%
44 Forward
1 - 0% - 60%
2 - 0% - 40%
44 Defense
1 - 0% - 60%
2 - 0% - 40%
Last Minute Offensive - 0:00
Last Minute Defensive - 0:00
Total
Forward - 60:00
Defense - 60:00
|
Play by Play
1st period
0:01 of 1st period - Sam Gagner wins face-off versus Gilbert Brule in neutral zone.
0:04 of 1st period - Snap shot by Enver Lisin.
0:04 of 1st period - Shot Misses the Net.
1:16 of 1st period - Wrist shot by B.J. Crombeen.
1:16 of 1st period - Shot Misses the Net.
1:50 of 1st period - Snap shot by Josh Hennessy.
1:50 of 1st period - Goal by Josh Hennessy - Blackdemons : 0 - Senators : 1.
1:51 of 1st period - Gilbert Brule wins face-off versus Shawn Matthias in neutral zone.
2:04 of 1st period - Snap shot by Tomas Kopecky.
2:04 of 1st period - Stopped by Jeff Deslauriers with a rebound.
2:16 of 1st period - Ryan Parent is hit by Andrew MacDonald and loses puck.
2:46 of 1st period - Wrist shot by Gilbert Brule.
2:46 of 1st period - Stopped by Marc Denis with a rebound.
2:48 of 1st period - Slapshot by Ryan Parent.
2:48 of 1st period - Stopped by Marc Denis with a rebound.
2:50 of 1st period - Slapshot by Paul Ranger.
2:50 of 1st period - Deflect By B.J. Crombeen.
2:50 of 1st period - Stopped by Marc Denis without a rebound.
2:51 of 1st period - Josh Hennessy wins face-off versus Shawn Matthias in Blackdemons zone.
2:57 of 1st period - Tomas Kopecky is hit by Stanislav Chistov and loses puck.
3:39 of 1st period - Snap shot by Andrew MacDonald.
3:39 of 1st period - Shot Misses the Net.
3:41 of 1st period - Snap shot by Andrew MacDonald.
3:41 of 1st period - Stopped by Jeff Deslauriers with a rebound.
3:43 of 1st period - Wrist shot by Steven Zalewski.
3:43 of 1st period - Deflect By Mike Duco.
3:43 of 1st period - Shot Misses the Net.
3:43 of 1st period - Puck is out of play.
3:44 of 1st period - Josh Hennessy wins face-off versus Shawn Matthias in Senators zone.
3:54 of 1st period - Off-side.
3:55 of 1st period - Sam Gagner wins face-off versus Stanislav Chistov in neutral zone.
4:00 of 1st period - Wrist shot by Curtis Glencross.
4:00 of 1st period - Stopped by Jeff Deslauriers with a rebound.
4:08 of 1st period - Snap shot by Curtis Glencross.
4:08 of 1st period - Shot Misses the Net.
4:10 of 1st period - Slapshot by Matt Hunwick.
4:10 of 1st period - Deflect By Curtis Glencross.
4:10 of 1st period - Shot Blocked by Paul Ranger.
4:10 of 1st period - Puck is out of play.
4:11 of 1st period - Cody Hodgson wins face-off versus Shawn Matthias in Senators zone.
4:13 of 1st period - Minor Penalty to Ryan Parent for Roughing.
4:14 of 1st period - B.J. Crombeen wins face-off versus Antoine Roussel in Senators zone.
4:29 of 1st period - Off-side.
4:30 of 1st period - B.J. Crombeen wins face-off versus Curtis Glencross in neutral zone.
4:55 of 1st period - Snap shot by Nikolai Kulemin.
4:55 of 1st period - Stopped by Marc Denis without a rebound.
4:56 of 1st period - B.J. Crombeen wins face-off versus Sam Gagner in Blackdemons zone.
5:03 of 1st period - Wrist shot by Gilbert Brule.
5:03 of 1st period - Shot Blocked by Tomas Kopecky.
5:56 of 1st period - Nate Prosser is hit by Erik Karlsson and loses puck.
6:13 of 1st period - Penalty to Ryan Parent is over, Ryan Parent is back on ice.
6:22 of 1st period - B.J. Crombeen is hit by Michael Haley and loses puck.
6:27 of 1st period - Slapshot by Mike Duco.
6:27 of 1st period - Stopped by Jeff Deslauriers with a rebound.
6:48 of 1st period - Icing by Paul Ranger.
6:49 of 1st period - Cody Hodgson wins face-off versus Shawn Matthias in Senators zone.
7:00 of 1st period - Snap shot by Tomas Kopecky.
7:00 of 1st period - Deflect By Shawn Matthias.
7:00 of 1st period - Stopped by Jeff Deslauriers without a rebound.
7:01 of 1st period - Sam Gagner wins face-off versus Josh Hennessy in Senators zone.
7:02 of 1st period - Snap shot by Curtis Glencross.
7:02 of 1st period - Stopped by Jeff Deslauriers with a rebound.
7:04 of 1st period - Slapshot by Curtis Glencross.
7:04 of 1st period - Stopped by Jeff Deslauriers without a rebound.
7:05 of 1st period - Josh Hennessy wins face-off versus Sam Gagner in Senators zone.
7:15 of 1st period - Off-side.
7:16 of 1st period - Sam Gagner wins face-off versus Gilbert Brule in neutral zone.
7:18 of 1st period - Off-side.
7:19 of 1st period - Sam Gagner wins face-off versus Gilbert Brule in neutral zone.
7:48 of 1st period - Wrist shot by Tomas Kopecky.
7:48 of 1st period - Stopped by Jeff Deslauriers without a rebound.
7:49 of 1st period - Shawn Matthias wins face-off versus Josh Hennessy in Senators zone.
7:50 of 1st period - Snap shot by Antoine Roussel.
7:50 of 1st period - Stopped by Jeff Deslauriers with a rebound.
8:14 of 1st period - Andrew MacDonald is hit by Brett Sterling and loses puck.
8:41 of 1st period - Snap shot by Gilbert Brule.
8:41 of 1st period - Stopped by Marc Denis with a rebound.
8:43 of 1st period - Slapshot by Vladimir Mihalik.
8:43 of 1st period - Shot Blocked by Michael Kostka.
8:45 of 1st period - Slapshot by Milan Jurcina.
8:45 of 1st period - Deflect By Curtis Glencross.
8:45 of 1st period - Stopped by Marc Denis without a rebound.
8:46 of 1st period - Nikolai Kulemin wins face-off versus Sam Gagner in Blackdemons zone.
8:53 of 1st period - Slapshot by Enver Lisin.
8:53 of 1st period - Stopped by Jeff Deslauriers with a rebound.
9:17 of 1st period - Snap shot by Gilbert Brule.
9:17 of 1st period - Shot Misses the Net.
9:19 of 1st period - Snap shot by Milan Jurcina.
9:19 of 1st period - Stopped by Marc Denis without a rebound.
9:20 of 1st period - Cody Hodgson wins face-off versus Shawn Matthias in Blackdemons zone.
9:43 of 1st period - Minor Penalty to Shawn Matthias for Hooking.
9:44 of 1st period - Gilbert Brule wins face-off versus Tomas Kopecky in Blackdemons zone.
10:05 of 1st period - Tomas Kopecky is hit by Ryan Parent and loses puck.
11:38 of 1st period - Josh Hennessy is hit by Denis Hamel and loses puck.
11:43 of 1st period - Penalty to Shawn Matthias is over, Shawn Matthias is back on ice.
11:49 of 1st period - Snap shot by Steven Zalewski.
11:49 of 1st period - Stopped by Jeff Deslauriers without a rebound.
11:50 of 1st period - Steven Zalewski wins face-off versus Cody Hodgson in Senators zone.
12:01 of 1st period - Slapshot by Jack Skille.
12:01 of 1st period - Shot Blocked by Andrew MacDonald.
12:21 of 1st period - Slapshot by Dylan Hunter.
12:21 of 1st period - Shot Misses the Net.
13:07 of 1st period - Slapshot by Denis Hamel.
13:07 of 1st period - Stopped by Jeff Deslauriers with a rebound.
13:09 of 1st period - Slapshot by Michael Kostka.
13:09 of 1st period - Deflect By Milan Jurcina.
13:09 of 1st period - Stopped by Jeff Deslauriers without a rebound.
13:10 of 1st period - Gilbert Brule wins face-off versus Sam Gagner in Senators zone.
13:17 of 1st period - Curtis Glencross is hit by Gilbert Brule and loses puck.
13:22 of 1st period - Wrist shot by Gilbert Brule.
13:22 of 1st period - Shot Misses the Net.
13:24 of 1st period - Slapshot by Niklas Hagman.
13:24 of 1st period - Stopped by Marc Denis without a rebound.
13:25 of 1st period - Josh Hennessy wins face-off versus Shawn Matthias in Blackdemons zone.
13:26 of 1st period - Snap shot by Stanislav Chistov.
13:26 of 1st period - Stopped by Marc Denis without a rebound.
13:27 of 1st period - Josh Hennessy wins face-off versus Shawn Matthias in Blackdemons zone.
13:28 of 1st period - Snap shot by Stanislav Chistov.
13:28 of 1st period - Shot Misses the Net.
13:30 of 1st period - Slapshot by Ryan Parent.
13:30 of 1st period - Deflect By Stanislav Chistov.
13:30 of 1st period - Shot Misses the Net.
13:30 of 1st period - Puck is out of play.
13:31 of 1st period - Josh Hennessy wins face-off versus Shawn Matthias in Blackdemons zone.
13:32 of 1st period - Slapshot by Nikolai Kulemin.
13:32 of 1st period - Shot Misses the Net.
13:34 of 1st period - Snap shot by Paul Ranger.
13:34 of 1st period - Shot Misses the Net.
13:36 of 1st period - Wrist shot by Josh Hennessy.
13:36 of 1st period - Shot Misses the Net.
13:38 of 1st period - Slapshot by Paul Ranger.
13:38 of 1st period - Shot Blocked by Nate Prosser.
13:40 of 1st period - Wrist shot by Ryan Parent.
13:40 of 1st period - Shot Blocked by Shawn Matthias.
13:42 of 1st period - Slapshot by Stanislav Chistov.
13:42 of 1st period - Goal by Stanislav Chistov - Blackdemons : 0 - Senators : 2.
13:43 of 1st period - Sam Gagner wins face-off versus Gilbert Brule in neutral zone.
13:52 of 1st period - Wrist shot by B.J. Crombeen.
13:52 of 1st period - Deflect By Niklas Hagman.
13:52 of 1st period - Shot Misses the Net.
13:52 of 1st period - Puck is out of play.
13:53 of 1st period - Sam Gagner wins face-off versus B.J. Crombeen in Blackdemons zone.
13:53 of 1st period - Sam Gagner is hit by Gilbert Brule.
13:58 of 1st period - Icing by Curtis Glencross.
13:59 of 1st period - B.J. Crombeen wins face-off versus Sam Gagner in Blackdemons zone.
14:26 of 1st period - Slapshot by Josh Hennessy.
14:26 of 1st period - Shot Misses the Net.
14:28 of 1st period - Wrist shot by Josh Hennessy.
14:28 of 1st period - Stopped by Marc Denis without a rebound.
14:29 of 1st period - Shawn Matthias wins face-off versus Josh Hennessy in Blackdemons zone.
14:41 of 1st period - Snap shot by Stanislav Chistov.
14:41 of 1st period - Stopped by Marc Denis with a rebound.
14:43 of 1st period - Wrist shot by Josh Hennessy.
14:43 of 1st period - Goal by Josh Hennessy - Blackdemons : 0 - Senators : 3.
14:44 of 1st period - Sam Gagner wins face-off versus Gilbert Brule in neutral zone.
14:48 of 1st period - Minor Penalty to B.J. Crombeen for Slashing.
14:49 of 1st period - Sam Gagner wins face-off versus Brett Sterling in Senators zone.
14:53 of 1st period - Snap shot by Tomas Kopecky.
14:53 of 1st period - Goal by Tomas Kopecky - Blackdemons : 1 - Senators : 3.
14:54 of 1st period - Gilbert Brule wins face-off versus Sam Gagner in neutral zone.
15:19 of 1st period - Josh Hennessy is hit by Shawn Matthias and loses puck.
15:40 of 1st period - Wrist shot by Cody Hodgson.
15:40 of 1st period - Stopped by Marc Denis with a rebound.
15:42 of 1st period - Minor Penalty to Matt Calvert for Tripping.
15:43 of 1st period - Niklas Hagman wins face-off versus Tomas Kopecky in Blackdemons zone.
15:48 of 1st period - Wrist shot by Niklas Hagman.
15:48 of 1st period - Goal by Niklas Hagman - Blackdemons : 1 - Senators : 4.
15:48 of 1st period - Kevin Weekes enters game.
15:49 of 1st period - Gilbert Brule wins face-off versus Sam Gagner in neutral zone.
15:58 of 1st period - Wrist shot by Gilbert Brule.
15:58 of 1st period - Stopped by Kevin Weekes without a rebound.
15:59 of 1st period - Enver Lisin wins face-off versus Gilbert Brule in Blackdemons zone.
15:59 of 1st period - Michael Kostka is hit by Gilbert Brule and loses puck.
16:08 of 1st period - Vladimir Mihalik is hit by Sam Gagner and loses puck.
16:13 of 1st period - Slapshot by Enver Lisin.
16:13 of 1st period - Stopped by Jeff Deslauriers with a rebound.
16:17 of 1st period - Wrist shot by Curtis Glencross.
16:17 of 1st period - Stopped by Jeff Deslauriers without a rebound.
16:18 of 1st period - Tomas Kopecky wins face-off versus Josh Hennessy in Senators zone.
16:19 of 1st period - Wrist shot by Antoine Roussel.
16:19 of 1st period - Deflect By Nikolai Kulemin.
16:19 of 1st period - Shot Misses the Net.
16:19 of 1st period - Puck is out of play.
16:20 of 1st period - Antoine Roussel wins face-off versus Josh Hennessy in Senators zone.
16:21 of 1st period - Snap shot by Tomas Kopecky.
16:21 of 1st period - Stopped by Jeff Deslauriers without a rebound.
16:22 of 1st period - Shawn Matthias wins face-off versus Josh Hennessy in Senators zone.
16:33 of 1st period - Wrist shot by Tomas Kopecky.
16:33 of 1st period - Shot Misses the Net.
16:35 of 1st period - Minor Penalty to Ryan Parent for Cross-checking.
16:36 of 1st period - B.J. Crombeen wins face-off versus Sam Gagner in Senators zone.
16:36 of 1st period - B.J. Crombeen is hit by Michael Kostka.
16:46 of 1st period - Snap shot by Michael Kostka.
16:46 of 1st period - Stopped by Jeff Deslauriers without a rebound.
16:47 of 1st period - B.J. Crombeen wins face-off versus Tomas Kopecky in Senators zone.
16:56 of 1st period - Gilbert Brule is hit by Antoine Roussel.
18:35 of 1st period - Penalty to Ryan Parent is over, Ryan Parent is back on ice.
19:00 of 1st period - Snap shot by Cody Hodgson.
19:00 of 1st period - Goal by Cody Hodgson - Blackdemons : 1 - Senators : 5.
19:01 of 1st period - Shawn Matthias wins face-off versus Gilbert Brule in neutral zone.
19:50 of 1st period - Off-side.
19:51 of 1st period - Marc-André Cliche wins face-off versus Cody Hodgson in neutral zone.
Goals for this period are 1 for Blackdemons vs 5 for Senators.
Shots for this period are 18 for Blackdemons vs 18 for Senators.
2nd period
0:01 of 2nd period - B.J. Crombeen wins face-off versus Sam Gagner in neutral zone.
0:08 of 2nd period - Snap shot by Gilbert Brule.
0:08 of 2nd period - Shot Misses the Net.
0:10 of 2nd period - Snap shot by Gilbert Brule.
0:10 of 2nd period - Shot Misses the Net.
0:36 of 2nd period - Slapshot by Michael Kostka.
0:36 of 2nd period - Stopped by Jeff Deslauriers with a rebound.
0:39 of 2nd period - Icing by Paul Ranger.
0:40 of 2nd period - Marc-André Cliche wins face-off versus Josh Hennessy in Senators zone.
0:50 of 2nd period - Ryan Parent and Steve Oleksy fight to a draw.
0:50 of 2nd period - Penalty to Ryan Parent for Fighting.
0:50 of 2nd period - Penalty to Steve Oleksy for Fighting.
0:51 of 2nd period - Shawn Matthias wins face-off versus Gilbert Brule in Blackdemons zone.
1:38 of 2nd period - Karl Alzner is hit by Denis Hamel and loses puck.
1:46 of 2nd period - Slapshot by Jakub Kindl.
1:46 of 2nd period - Stopped by Jeff Deslauriers with a rebound.
2:02 of 2nd period - Vladimir Mihalik is hit by Michael Haley.
2:40 of 2nd period - Snap shot by Nikolai Kulemin.
2:40 of 2nd period - Shot Blocked by Matt Hunwick.
3:36 of 2nd period - Nate Prosser is hit by Paul Ranger and loses puck.
3:54 of 2nd period - Vladimir Mihalik is hit by Antoine Roussel and loses puck.
4:09 of 2nd period - Tomas Kopecky is hit by Cody Hodgson and loses puck.
4:34 of 2nd period - Wrist shot by Tomas Kopecky.
4:34 of 2nd period - Stopped by Jeff Deslauriers without a rebound.
4:35 of 2nd period - Gilbert Brule wins face-off versus Sam Gagner in Senators zone.
4:40 of 2nd period - Snap shot by Sam Gagner.
4:40 of 2nd period - Stopped by Jeff Deslauriers with a rebound.
4:42 of 2nd period - Slapshot by Enver Lisin.
4:42 of 2nd period - Stopped by Jeff Deslauriers with a rebound.
4:44 of 2nd period - Wrist shot by Enver Lisin.
4:44 of 2nd period - Deflect By Sam Gagner.
4:44 of 2nd period - Shot Misses the Net.
4:44 of 2nd period - Puck is out of play.
4:45 of 2nd period - Gilbert Brule wins face-off versus Sam Gagner in Senators zone.
5:03 of 2nd period - Backhand shot by Enver Lisin.
5:03 of 2nd period - Goal by Enver Lisin - Blackdemons : 2 - Senators : 5.
5:04 of 2nd period - Sam Gagner wins face-off versus Gilbert Brule in neutral zone.
5:38 of 2nd period - Wrist shot by Matt Calvert.
5:38 of 2nd period - Stopped by Jeff Deslauriers without a rebound.
5:39 of 2nd period - Gilbert Brule wins face-off versus Shawn Matthias in Senators zone.
5:39 of 2nd period - Minor Penalty to Milan Jurcina for Hooking.
5:40 of 2nd period - B.J. Crombeen wins face-off versus Sam Gagner in Senators zone.
5:45 of 2nd period - Slapshot by Antoine Roussel.
5:45 of 2nd period - Stopped by Jeff Deslauriers without a rebound.
5:46 of 2nd period - Sam Gagner wins face-off versus B.J. Crombeen in Senators zone.
5:50 of 2nd period - Penalty to Ryan Parent is over, Ryan Parent is back on ice.
7:39 of 2nd period - Penalty to Milan Jurcina is over, Milan Jurcina is back on ice.
8:00 of 2nd period - Slapshot by Matt Hunwick.
8:00 of 2nd period - Stopped by Jeff Deslauriers with a rebound.
8:12 of 2nd period - Marc-André Cliche is hit by Karl Alzner and loses puck.
8:21 of 2nd period - Slapshot by Stanislav Chistov.
8:21 of 2nd period - Stopped by Kevin Weekes with a rebound.
8:33 of 2nd period - Tomas Kopecky is hit by Brett Sterling.
8:45 of 2nd period - Jack Skille is hit by Michael Haley and loses puck.
9:03 of 2nd period - Matt Hunwick is hit by Dylan Hunter and loses puck.
9:33 of 2nd period - Andrew MacDonald is hit by Cody Hodgson and loses puck.
10:20 of 2nd period - Milan Jurcina is hit by Tomas Kopecky and loses puck.
10:33 of 2nd period - Icing by Marc-André Cliche.
10:34 of 2nd period - Cody Hodgson wins face-off versus Marc-André Cliche in Blackdemons zone.
10:42 of 2nd period - Wrist shot by Jack Skille.
10:42 of 2nd period - Stopped by Kevin Weekes without a rebound.
10:43 of 2nd period - Sam Gagner wins face-off versus Gilbert Brule in Blackdemons zone.
10:43 of 2nd period - Curtis Glencross is hit by Niklas Hagman and loses puck.
10:58 of 2nd period - Sam Gagner is hit by Gilbert Brule and loses puck.
11:09 of 2nd period - Nikolai Kulemin is hit by Tomas Kopecky and loses puck.
11:36 of 2nd period - Slapshot by Michael Kostka.
11:36 of 2nd period - Stopped by Jeff Deslauriers without a rebound.
11:37 of 2nd period - Steven Zalewski wins face-off versus Gilbert Brule in Senators zone.
11:43 of 2nd period - Minor Penalty to Gilbert Brule for Interference.
11:44 of 2nd period - B.J. Crombeen wins face-off versus Sam Gagner in Senators zone.
11:44 of 2nd period - B.J. Crombeen is hit by Antoine Roussel.
11:53 of 2nd period - Snap shot by Sam Gagner.
11:53 of 2nd period - Deflect By Tomas Kopecky.
11:53 of 2nd period - Shot Misses the Net.
11:53 of 2nd period - Puck is out of play.
11:54 of 2nd period - B.J. Crombeen wins face-off versus Sam Gagner in Senators zone.
11:54 of 2nd period - B.J. Crombeen is hit by Nate Prosser.
13:03 of 2nd period - Snap shot by Sam Gagner.
13:03 of 2nd period - Stopped by Jeff Deslauriers without a rebound.
13:04 of 2nd period - Curtis Glencross wins face-off versus B.J. Crombeen in Senators zone.
13:07 of 2nd period - Snap shot by Enver Lisin.
13:07 of 2nd period - Shot Blocked by Ryan Parent.
13:11 of 2nd period - Wrist shot by Enver Lisin.
13:11 of 2nd period - Stopped by Jeff Deslauriers without a rebound.
13:12 of 2nd period - B.J. Crombeen wins face-off versus Curtis Glencross in Senators zone.
13:43 of 2nd period - Penalty to Gilbert Brule is over, Gilbert Brule is back on ice.
14:14 of 2nd period - Snap shot by Curtis Glencross.
14:14 of 2nd period - Stopped by Jeff Deslauriers without a rebound.
14:15 of 2nd period - Josh Hennessy wins face-off versus Shawn Matthias in Senators zone.
14:23 of 2nd period - Minor Penalty to Antoine Roussel for High sticking.
14:24 of 2nd period - Tomas Kopecky wins face-off versus Josh Hennessy in Blackdemons zone.
14:42 of 2nd period - Minor Penalty to Nate Prosser for Hooking.
14:43 of 2nd period - Tomas Kopecky wins face-off versus Gilbert Brule in Blackdemons zone.
14:51 of 2nd period - Slapshot by Paul Ranger.
14:51 of 2nd period - Stopped by Kevin Weekes without a rebound.
14:52 of 2nd period - Tomas Kopecky wins face-off versus Gilbert Brule in Blackdemons zone.
15:13 of 2nd period - Michael Kostka is hit by Ryan Parent and loses puck.
15:28 of 2nd period - Slapshot by B.J. Crombeen.
15:28 of 2nd period - Stopped by Kevin Weekes without a rebound.
15:29 of 2nd period - Josh Hennessy wins face-off versus Tomas Kopecky in Blackdemons zone.
15:30 of 2nd period - Wrist shot by Nikolai Kulemin.
15:30 of 2nd period - Shot Misses the Net.
15:32 of 2nd period - Wrist shot by Josh Hennessy.
15:32 of 2nd period - Stopped by Kevin Weekes without a rebound.
15:33 of 2nd period - Josh Hennessy wins face-off versus Tomas Kopecky in Blackdemons zone.
16:10 of 2nd period - Backhand shot by Curtis Glencross.
16:10 of 2nd period - Stopped by Jeff Deslauriers with a rebound.
16:16 of 2nd period - Matt Hunwick is hit by Niklas Hagman and loses puck.
16:23 of 2nd period - Penalty to Antoine Roussel is over, Antoine Roussel is back on ice.
16:31 of 2nd period - Snap shot by Niklas Hagman.
16:31 of 2nd period - Shot Misses the Net.
16:42 of 2nd period - Penalty to Nate Prosser is over, Nate Prosser is back on ice.
16:43 of 2nd period - Snap shot by B.J. Crombeen.
16:43 of 2nd period - Shot Blocked by Jakub Kindl.
16:45 of 2nd period - Snap shot by Niklas Hagman.
16:45 of 2nd period - Shot Misses the Net.
17:01 of 2nd period - Snap shot by Curtis Glencross.
17:01 of 2nd period - Stopped by Jeff Deslauriers without a rebound.
17:02 of 2nd period - Marc-André Cliche wins face-off versus Josh Hennessy in Senators zone.
17:11 of 2nd period - Nate Prosser is hit by Ryan Parent and loses puck.
17:29 of 2nd period - Off-side.
17:30 of 2nd period - Cody Hodgson wins face-off versus Steven Zalewski in neutral zone.
17:38 of 2nd period - Icing by Mike Duco.
17:39 of 2nd period - Josh Hennessy wins face-off versus Steven Zalewski in Blackdemons zone.
18:18 of 2nd period - Slapshot by Steven Zalewski.
18:18 of 2nd period - Stopped by Jeff Deslauriers with a rebound.
18:20 of 2nd period - Slapshot by Matt Hunwick.
18:20 of 2nd period - Deflect By Nikolai Kulemin.
18:20 of 2nd period - Stopped by Jeff Deslauriers without a rebound.
18:21 of 2nd period - Sam Gagner wins face-off versus Gilbert Brule in Senators zone.
18:26 of 2nd period - Snap shot by Sam Gagner.
18:26 of 2nd period - Deflect By Enver Lisin.
18:26 of 2nd period - Shot Misses the Net.
18:26 of 2nd period - Puck is out of play.
18:27 of 2nd period - Gilbert Brule wins face-off versus Sam Gagner in Senators zone.
19:36 of 2nd period - Snap shot by Steven Goertzen.
19:36 of 2nd period - Stopped by Kevin Weekes with a rebound.
19:56 of 2nd period - Snap shot by Paul Ranger.
19:56 of 2nd period - Stopped by Kevin Weekes with a rebound.
19:58 of 2nd period - Slapshot by Paul Ranger.
19:58 of 2nd period - Shot Misses the Net.
Goals for this period are 1 for Blackdemons vs 0 for Senators.
Shots for this period are 17 for Blackdemons vs 7 for Senators.
3rd period
0:01 of 3rd period - B.J. Crombeen wins face-off versus Sam Gagner in neutral zone.
0:08 of 3rd period - Michael Kostka is hit by Milan Jurcina and loses puck.
1:29 of 3rd period - Marc-André Cliche is hit by Ryan Parent and loses puck.
1:34 of 3rd period - Wrist shot by B.J. Crombeen.
1:34 of 3rd period - Stopped by Kevin Weekes without a rebound.
1:35 of 3rd period - Shawn Matthias wins face-off versus Gilbert Brule in Blackdemons zone.
2:19 of 3rd period - Slapshot by Andrew MacDonald.
2:19 of 3rd period - Stopped by Jeff Deslauriers without a rebound.
2:20 of 3rd period - Cody Hodgson wins face-off versus Mike Duco in Senators zone.
2:22 of 3rd period - Minor Penalty to Paul Ranger for Tripping.
2:23 of 3rd period - B.J. Crombeen wins face-off versus Sam Gagner in Senators zone.
2:23 of 3rd period - B.J. Crombeen is hit by Sam Gagner.
2:56 of 3rd period - Slapshot by Curtis Glencross.
2:56 of 3rd period - Shot Misses the Net.
2:58 of 3rd period - Snap shot by Curtis Glencross.
2:58 of 3rd period - Stopped by Jeff Deslauriers with a rebound.
4:22 of 3rd period - Penalty to Paul Ranger is over, Paul Ranger is back on ice.
4:31 of 3rd period - Michael Haley is hit by Paul Ranger and loses puck.
5:02 of 3rd period - Snap shot by Jack Skille.
5:02 of 3rd period - Stopped by Kevin Weekes with a rebound.
5:04 of 3rd period - Snap shot by Cody Hodgson.
5:04 of 3rd period - Stopped by Kevin Weekes without a rebound.
5:05 of 3rd period - Shawn Matthias wins face-off versus Cody Hodgson in Blackdemons zone.
5:07 of 3rd period - Minor Penalty to Andrew MacDonald for Holding.
5:08 of 3rd period - Tomas Kopecky wins face-off versus Gilbert Brule in Blackdemons zone.
5:21 of 3rd period - Slapshot by Milan Jurcina.
5:21 of 3rd period - Shot Blocked by Nate Prosser.
6:11 of 3rd period - Shawn Matthias is hit by Paul Ranger and loses puck.
6:32 of 3rd period - Wrist shot by Enver Lisin.
6:32 of 3rd period - Shot Misses the Net.
7:06 of 3rd period - Icing by Ryan Parent.
7:07 of 3rd period - Penalty to Andrew MacDonald is over, Andrew MacDonald is back on ice.
7:07 of 3rd period - Marc-André Cliche wins face-off versus Jack Skille in Senators zone.
7:37 of 3rd period - Slapshot by Milan Jurcina.
7:37 of 3rd period - Shot Misses the Net.
7:51 of 3rd period - Michael Haley is hit by Niklas Hagman and loses puck.
7:56 of 3rd period - Wrist shot by Niklas Hagman.
7:56 of 3rd period - Shot Misses the Net.
8:15 of 3rd period - Wrist shot by Enver Lisin.
8:15 of 3rd period - Stopped by Jeff Deslauriers without a rebound.
8:16 of 3rd period - Sam Gagner wins face-off versus Gilbert Brule in Senators zone.
8:29 of 3rd period - Jakub Kindl is hit by B.J. Crombeen.
9:06 of 3rd period - Wrist shot by Jack Skille.
9:06 of 3rd period - Stopped by Kevin Weekes with a rebound.
9:08 of 3rd period - Snap shot by Jack Skille.
9:08 of 3rd period - Shot Misses the Net.
9:42 of 3rd period - Slapshot by Jack Skille.
9:42 of 3rd period - Shot Misses the Net.
9:44 of 3rd period - Slapshot by Milan Jurcina.
9:44 of 3rd period - Shot Misses the Net.
9:46 of 3rd period - Snap shot by Jack Skille.
9:46 of 3rd period - Shot Misses the Net.
9:48 of 3rd period - Slapshot by Vladimir Mihalik.
9:48 of 3rd period - Shot Misses the Net.
9:50 of 3rd period - Slapshot by Milan Jurcina.
9:50 of 3rd period - Deflect By Jack Skille.
9:50 of 3rd period - Shot Blocked by Jakub Kindl.
9:50 of 3rd period - Puck is out of play.
9:51 of 3rd period - Sam Gagner wins face-off versus Gilbert Brule in Blackdemons zone.
9:53 of 3rd period - Minor Penalty to Sam Gagner for Tripping.
9:54 of 3rd period - Gilbert Brule wins face-off versus Tomas Kopecky in Blackdemons zone.
10:00 of 3rd period - Wrist shot by Gilbert Brule.
10:00 of 3rd period - Shot Blocked by Michael Kostka.
10:24 of 3rd period - Curtis Glencross is hit by Josh Hennessy and loses puck.
10:31 of 3rd period - Wrist shot by Nikolai Kulemin.
10:31 of 3rd period - Deflect By Stanislav Chistov.
10:31 of 3rd period - Goal by Stanislav Chistov - Blackdemons : 2 - Senators : 6.
10:32 of 3rd period - Gilbert Brule wins face-off versus Sam Gagner in neutral zone.
10:45 of 3rd period - Snap shot by Gilbert Brule.
10:45 of 3rd period - Stopped by Kevin Weekes without a rebound.
10:46 of 3rd period - Gilbert Brule wins face-off versus Shawn Matthias in Blackdemons zone.
11:01 of 3rd period - Slapshot by Michael Kostka.
11:01 of 3rd period - Shot Blocked by Paul Ranger.
11:11 of 3rd period - Nate Prosser is hit by Josh Hennessy and loses puck.
11:57 of 3rd period - Slapshot by Dylan Hunter.
11:57 of 3rd period - Shot Misses the Net.
11:59 of 3rd period - Wrist shot by Vladimir Mihalik.
11:59 of 3rd period - Stopped by Kevin Weekes without a rebound.
12:00 of 3rd period - Gilbert Brule wins face-off versus Curtis Glencross in Blackdemons zone.
12:08 of 3rd period - B.J. Crombeen and Enver Lisin fight to a draw.
12:08 of 3rd period - Penalty to B.J. Crombeen for Fighting.
12:08 of 3rd period - Penalty to Enver Lisin for Fighting.
12:09 of 3rd period - Sam Gagner wins face-off versus Gilbert Brule in Blackdemons zone.
12:23 of 3rd period - Wrist shot by Niklas Hagman.
12:23 of 3rd period - Shot Blocked by Michael Kostka.
12:25 of 3rd period - Wrist shot by Jack Skille.
12:25 of 3rd period - Deflect By Niklas Hagman.
12:25 of 3rd period - Stopped by Kevin Weekes without a rebound.
12:26 of 3rd period - Josh Hennessy wins face-off versus Shawn Matthias in Blackdemons zone.
12:53 of 3rd period - Niklas Hagman is hit by Curtis Glencross.
13:23 of 3rd period - Slapshot by Steven Goertzen.
13:23 of 3rd period - Shot Misses the Net.
13:55 of 3rd period - Stanislav Chistov is hit by Antoine Roussel and loses puck.
14:25 of 3rd period - Icing by Karl Alzner.
14:26 of 3rd period - Sam Gagner wins face-off versus Josh Hennessy in Senators zone.
15:01 of 3rd period - Icing by Jakub Kindl.
15:02 of 3rd period - Gilbert Brule wins face-off versus Shawn Matthias in Blackdemons zone.
15:33 of 3rd period - Snap shot by Curtis Glencross.
15:33 of 3rd period - Shot Misses the Net.
15:35 of 3rd period - Slapshot by Marc-André Cliche.
15:35 of 3rd period - Stopped by Jeff Deslauriers with a rebound.
15:47 of 3rd period - Wrist shot by Dylan Hunter.
15:47 of 3rd period - Shot Misses the Net.
15:49 of 3rd period - Snap shot by Jack Skille.
15:49 of 3rd period - Shot Misses the Net.
16:05 of 3rd period - Matt Hunwick is hit by Brett Sterling and loses puck.
16:42 of 3rd period - Wrist shot by Curtis Glencross.
16:42 of 3rd period - Stopped by Jeff Deslauriers without a rebound.
16:43 of 3rd period - Sam Gagner wins face-off versus Josh Hennessy in Senators zone.
16:52 of 3rd period - Curtis Glencross is hit by Nikolai Kulemin and loses puck.
17:31 of 3rd period - Snap shot by Brett Sterling.
17:31 of 3rd period - Goal by Brett Sterling - Blackdemons : 2 - Senators : 7.
17:32 of 3rd period - Shawn Matthias wins face-off versus Gilbert Brule in neutral zone.
17:43 of 3rd period - Snap shot by Gilbert Brule.
17:43 of 3rd period - Shot Misses the Net.
17:57 of 3rd period - Jakub Kindl is hit by Jack Skille and loses puck.
18:12 of 3rd period - Slapshot by Andrew MacDonald.
18:12 of 3rd period - Shot Blocked by Vladimir Mihalik.
18:14 of 3rd period - Slapshot by Shawn Matthias.
18:14 of 3rd period - Stopped by Jeff Deslauriers without a rebound.
18:15 of 3rd period - Sam Gagner wins face-off versus Gilbert Brule in Senators zone.
18:18 of 3rd period - Snap shot by Enver Lisin.
18:18 of 3rd period - Goal by Enver Lisin - Blackdemons : 3 - Senators : 7.
18:19 of 3rd period - Gilbert Brule wins face-off versus Enver Lisin in neutral zone.
18:26 of 3rd period - Snap shot by Gilbert Brule.
18:26 of 3rd period - Stopped by Kevin Weekes without a rebound.
18:27 of 3rd period - Gilbert Brule wins face-off versus Sam Gagner in Blackdemons zone.
18:30 of 3rd period - Snap shot by Niklas Hagman.
18:30 of 3rd period - Shot Misses the Net.
18:52 of 3rd period - Slapshot by Ryan Parent.
18:52 of 3rd period - Stopped by Kevin Weekes without a rebound.
18:53 of 3rd period - Shawn Matthias wins face-off versus Josh Hennessy in Blackdemons zone.
19:00 of 3rd period - Slapshot by Nikolai Kulemin.
19:00 of 3rd period - Stopped by Kevin Weekes with a rebound.
19:08 of 3rd period - Vladimir Mihalik is hit by Antoine Roussel.
Goals for this period are 1 for Blackdemons vs 2 for Senators.
Shots for this period are 7 for Blackdemons vs 12 for Senators.
Output by the SimonT Hockey Simulator (STHS) for François Prévost -- Original Page W3C XHTML 1.0 Valid